 Dungeon Crawl Stone Soup version 0.18.1-48-g4cf74bf (webtiles) character file.

58769 Krapule the Covert (level 14, -20/129 HPs)
             Began as a Vine Stalker Monk on July 18, 2016.
             Was the Champion of Cheibriados.
             Blown up by an orb spider (25 damage)
             ... with an orb of destruction
             ... on level 1 of the Spider Nest on July 19, 2016.
             The game lasted 01:23:30 (17056 turns).

Krapule the Covert (Vine Stalker Monk)             Turns: 17056, Time: 01:23:31

Health: -20/129    AC: 33    Str: 35    XL:     14   Next: 92%
Magic:  0/23       EV:  2    Int: 25    God:    Cheibriados [******]
Gold:   1268       SH:  0    Dex: 35    Spells: 0 memorised, 13 levels left

rFire  . . .     SeeInvis .       - Unarmed
rCold  . . .     Gourm    .     (armour currently unavailable)
rNeg   + + +     Faith    .     (no shield)
rPois  +         Spirit   +     (helmet currently unavailable)
rElec  .         Dismiss  .     (cloak currently unavailable)
rCorr  .         Reflect  .     (gloves currently unavailable)
SustAt .         Harm     .     (boots currently unavailable)
MR     +....     NoTele   +     (no amulet)
Stlth  ++++......               E - +4 ring of strength
                                O - +6 ring of protection

@: confused, tree-form, very slow, somewhat resistant to hostile enchantments,
stealthy
A: (fangs 0), regeneration 3, robust 1, magic shield, (antimagic bite), no
device heal 3, rot immunity
a: Bend Time, Temporal Distortion, Slouch, Step From Time, Renounce Religion


You were on level 1 of the Spider Nest.
You worshipped Cheibriados.
Cheibriados was exalted by your worship.
You were hungry.
You were a tree.
You visited 3 branches of the dungeon, and saw 18 of its levels.

You collected 1268 gold pieces.

Inventory:

Armour
 d - a +2 hat (melded)
 e - a +1 robe of magic resistance (melded)
 r - the +3 pair of boots "Meledoir" (melded) {rF+ rN+ Str+2}
   (You found it on level 5 of the Lair of Beasts)

   It affects your strength (+2).
   It protects you from fire.
   It protects you from negative energy.
 Q - the +1 pair of gloves of the Bagpipe (melded) {Dex+3}
   (You found it on level 1 of the Lair of Beasts)

   It affects your dexterity (+3).
 T - a +1 cloak of invisibility (melded)
Jewellery
 D - an uncursed ring of ice
 E - a +4 ring of strength (right branch)
 O - a +6 ring of protection (left branch)
Wands
 A - a wand of iceblast (0/15)
 F - a wand of lightning (0/15)
 G - a wand of digging (14/24)
 V - a wand of teleportation (8/9)
 X - a wand of flame (12/48)
Scrolls
 h - 2 scrolls of fear
 l - 3 scrolls of identify
 o - 4 scrolls of teleportation
 q - 2 scrolls of fog
 v - a scroll of remove curse
 w - 2 scrolls of magic mapping
 C - a scroll of immolation
Potions
 c - 2 potions of resistance
 i - 5 potions of curing
 j - 5 potions of brilliance
 m - 4 potions of flight
 n - 2 potions of agility
 x - 2 potions of magic
 P - 5 potions of might
Miscellaneous
 Y - a fan of gales
Comestibles
 b - 17 bread rations
 u - a royal jelly


   Skills:
 + Level 11.5 Fighting
 - Level 2.0 Armour
 + Level 10.7 Dodging
 + Level 13.7 Stealth
 - Level 12.0 Unarmed Combat
 + Level 0.0 Spellcasting
 + Level 11.2 Invocations


You had 13 spell levels left.
You didn't know any spells.

Dungeon Overview and Level Annotations

Branches:
Dungeon (9/15)             Temple (0/1) D:6            Lair (8/8) D:9
  Swamp (0/4) Lair:4       Spider (1/4) Lair:3        Slime (0/6) Lair:6
    Orc (0/2) D:9

Altars:
Cheibriados
Fedhas
Gozag
Nemelex Xobeh
Okawaru
Qazlal
Ru
The Shining One

Annotations:
D:2 exclusion: oklob plant
Lair:6 Rupert


Innate Abilities, Weirdness & Mutations

((You have razor-sharp teeth.))
You regenerate.
When hurt, damage is shared between your health and your magic reserves.
((Your bite disrupts and absorbs the magic of your enemies.))
Potions and wands cannot restore your health.
You are immune to rotting.
You are robust (+10% HP).


Message History

Okay, then.
Search for what [? for help]? heal Read which item? (? for menu, Esc to quit)
Okay, then.
Drink which item? (? for menu, Esc to quit)
You turn into a tree.
Your +1 cloak of invisibility melds into your body.
Your +2 hat melds into your body.
The +1 pair of gloves of the Bagpipe {Dex+3} melds into your body.
The +3 pair of boots "Meledoir" {rF+ rN+ Str+2} melds into your body.
Your +1 robe of magic resistance melds into your body.
You feel less resistant to hostile enchantments.
Your roots penetrate the ground.
The orb spider spins a strand of pure energy.
Drink which item? (? for menu, Esc to quit)
You are confused.
You feel invigorated. The orb of destruction hits you!
* * * LOW HITPOINT WARNING * * *
The orb of destruction hits you!
You die...

### ####.#
###≈...##
#≈≈....s##
#..s...§.#
#.....§..##
#.....♣.<.#
#..s§§§.....#
#?...?..........
......$.........#≈#
#...........#..#.^#
#..............##.#
#......≈≈#...### ##
..≈.≈≈≈≈...#


You could see 3 orb spiders.

Vanquished Creatures
  Kirke (Lair:5)
  Maud (Lair:5)
  A fire dragon (Lair:8)
  10 hydras
  5 catoblepae
  17 death yaks
  A wolf spider (Lair:3)
  A griffon (Lair:4)
  14 elephants
  3 black mambas
  A torpor snail (Lair:5)
  Joseph (D:8)
  13 spiny frogs
  A rime drake (Lair:5)
  13 komodo dragons
  2 jumping spiders (Lair:3)
  A troll (D:9)
  A two-headed ogre (D:9)
  7 polar bears
  4 blink frogs
  Sigmund (D:3)
  7 wyverns
  A redback (Lair:3)
  Grum (D:8)
  30 yaks
  5 basilisks
  Eustachio (D:6)
  9 hippogriffs
  13 water moccasins
  13 porcupines
  2 orc warriors
  15 wolves
  An ogre (D:7)
  2 phantoms
  5 centaurs
  12 crocodiles
  18 giant frogs
  5 scorpions
  3 wights (D:8)
  2 howler monkeys
  5 crimson imps
  7 hounds
  A quasit (D:7)
  4 jellies
  A centaur zombie (D:8)
  8 orc priests
  5 orc wizards
  Crazy Yiuf (D:3)
  Jessica (D:2)
  A giant frog skeleton (D:3)
  11 iguanas
  5 worker ants
  20 sheep
  A worker ant zombie (D:6)
  5 adders
  59 river rats
  2 worms (D:2)
  3 dart slugs
  6 giant geckos
  35 orcs
  A ball python (D:2)
  11 bats
  3 giant cockroaches
  12 goblins
  6 hobgoblins
  21 jackals
  5 kobolds
  4 quokkas
  A giant gecko skeleton (D:5)
  7 giant newts
  6 rats
  A fungus (Lair:8)
503 creatures vanquished.

Vanquished Creatures (others)
  2 humans (Lair:5)
  20 fungi
  18 plants
40 creatures vanquished.

Grand Total: 543 creatures vanquished

Notes
Turn   | Place    | Note
--------------------------------------------------------------
     0 | D:1      | Krapule the Vine Stalker Monk began the quest for the Orb.
     0 | D:1      | Reached XP level 1. HP: 11/11 MP: 2/2
   140 | D:1      | Reached XP level 2. HP: 11/16 MP: 3/3
   250 | D:1      | Reached skill level 3 in Stealth
   471 | D:1      | Reached XP level 3. HP: 16/20 MP: 4/4
   914 | D:2      | Found a faded altar to an unknown god.
   971 | D:2      | Found a blossoming altar of Fedhas.
   981 | D:2      | Noticed an oklob plant
  1094 | D:2      | Reached XP level 4. HP: 21/24 MP: 5/5
  1136 | D:2      | Found a glowing golden altar of the Shining One.
  1342 | D:2      | Found a sparkling altar of Nemelex Xobeh.
  1463 | D:2      | Noticed Jessica
  1472 | D:2      | Killed Jessica
  2019 | D:3      | Reached XP level 5. HP: 28/28 MP: 6/6
  2257 | D:3      | Reached skill level 5 in Unarmed Combat
  2288 | D:3      | Noticed Crazy Yiuf
  2300 | D:3      | Killed Crazy Yiuf
  2300 | D:3      | Gained mutation: You heal very quickly. [Vine Stalker growth]
  2300 | D:3      | Reached XP level 6. HP: 10/33 MP: 3/7
  2440 | D:3      | Noticed Sigmund
  2464 | D:3      | Killed Sigmund
  2741 | D:4      | Reached XP level 7. HP: 29/38 MP: 8/8
  3244 | D:4      | Reached skill level 1 in Armour
  3715 | D:5      | Entered Level 5 of the Dungeon
  3740 | D:5      | Found an opulent altar of Gozag.
  3889 | D:5      | Reached skill level 5 in Fighting
  3928 | D:5      | Gained mutation: You have razor-sharp teeth. [Vine Stalker growth]
  3928 | D:5      | Reached XP level 8. HP: 15/43 MP: 3/9
  3984 | D:5      | Found a snail-covered altar of Cheibriados.
  3996 | D:5      | Became a worshipper of Cheibriados the Contemplative
  3996 | D:5      | Reached * piety under Cheibriados
  3996 | D:5      | Reached ** piety under Cheibriados
  4676 | D:5      | Reached skill level 1 in Invocations
  4913 | D:6      | Found a staircase to the Ecumenical Temple.
  4999 | D:6      | Reached skill level 5 in Dodging
  5040 | D:6      | Noticed Eustachio
  5136 | D:6      | Killed Eustachio
  5396 | D:6      | Reached *** piety under Cheibriados
  5466 | D:6      | Reached XP level 9. HP: 48/48 MP: 12/12
  6369 | D:8      | Noticed Grum
  6382 | D:8      | Killed Grum
  6382 | D:8      | Reached skill level 4 in Stealth
  6388 | D:8      | Reached **** piety under Cheibriados
  6511 | D:8      | Noticed Joseph
  6545 | D:8      | Killed Joseph
  6545 | D:8      | Reached skill level 5 in Stealth
  6545 | D:8      | Reached XP level 10. HP: 20/53 MP: 12/14
  6692 | D:8      | Reached skill level 5 in Invocations
  7261 | D:9      | Found a staircase to the Orcish Mines.
  7391 | D:9      | Noticed an elephant
  7399 | D:9      | Reached ***** piety under Cheibriados
  7424 | D:9      | Killed an elephant
  7459 | D:9      | Found a staircase to the Lair.
  7624 | D:9      | Found an iron altar of Okawaru.
  7624 | D:9      | Found a sacrificial altar of Ru.
  7655 | D:9      | Reached skill level 6 in Stealth
  7903 | Lair:1   | Entered Level 1 of the Lair of Beasts
  8056 | Lair:1   | Got a pair of polished gloves
  8062 | Lair:1   | Identified the +1 pair of gloves of the Bagpipe {Dex+3} (You found it on level 1 of the Lair of Beasts)
  8383 | Lair:1   | Reached skill level 7 in Stealth
  8688 | Lair:1   | Reached XP level 11. HP: 60/60 MP: 16/16
  9157 | Lair:2   | Noticed a four-headed hydra
  9162 | Lair:2   | Reached skill level 8 in Stealth
  9163 | Lair:2   | Killed a four-headed hydra
  9254 | Lair:2   | Reached ****** piety under Cheibriados
  9918 | Lair:3   | Noticed a wolf spider
  9919 | Lair:3   | Found a hole to the Spider Nest.
  9938 | Lair:3   | Reached skill level 9 in Stealth
 10032 | Lair:3   | Killed a wolf spider
 10214 | Lair:3   | Reached skill level 10 in Unarmed Combat
 10267 | Lair:3   | Noticed a five-headed hydra
 10277 | Lair:3   | Killed a five-headed hydra
 10277 | Lair:3   | Gained mutation: You regenerate. [Vine Stalker growth]
 10277 | Lair:3   | Reached XP level 12. HP: 63/65 MP: 16/18
 10801 | Lair:3   | Found a stormy altar of Qazlal.
 10885 | Lair:4   | Noticed a seven-headed hydra
 10887 | Lair:4   | Noticed a catoblepas
 10898 | Lair:4   | Killed a seven-headed hydra
 10936 | Lair:4   | Killed a catoblepas
 11058 | Lair:4   | Reached skill level 10 in Stealth
 11178 | Lair:4   | Noticed a death yak
 11208 | Lair:4   | Killed a death yak
 11241 | Lair:4   | Found a staircase to the Swamp.
 12193 | Lair:5   | Got a pair of faintly humming boots
 12205 | Lair:5   | Identified the +3 pair of boots "Meledoir" {rF+ rN+ Str+2} (You found it on level 5 of the Lair of Beasts)
 12206 | Lair:5   | Gained mutation: You are dopey. (Int -2) [potion of mutation]
 12206 | Lair:5   | Gained mutation: Your magical capacity is low (-10% MP). [potion of mutation]
 12207 | Lair:5   | Lost mutation: Your magical capacity is low (-10% MP). [potion of cure mutation]
 12207 | Lair:5   | Lost mutation: You are dopey. (Int -2) [potion of cure mutation]
 12261 | Lair:5   | Noticed Maud
 12262 | Lair:5   | Noticed Kirke
 12492 | Lair:5   | Noticed a six-headed hydra
 12496 | Lair:5   | Killed a six-headed hydra
 12536 | Lair:5   | Noticed a five-headed hydra
 12547 | Lair:5   | Killed a five-headed hydra
 12974 | Lair:5   | Reached XP level 13. HP: 71/71 MP: 20/20
 13111 | Lair:6   | Reached skill level 11 in Stealth
 13269 | Lair:6   | Found a staircase to the Slime Pits.
 13509 | Lair:6   | Noticed Rupert
 13556 | Lair:6   | Reached skill level 10 in Fighting
 13745 | Lair:6   | Paralysed by Rupert for 6 turns
 13763 | Lair:6   | Paralysed by Rupert for 7 turns
 14450 | Lair:7   | Reached skill level 12 in Stealth
 14731 | Lair:8   | Entered Level 8 of the Lair of Beasts
 14881 | Lair:8   | Reached skill level 10 in Invocations
 14943 | Lair:8   | Found an opulent altar of Gozag.
 15022 | Lair:8   | Reached XP level 14. HP: 64/77 MP: 17/22
 15185 | Lair:8   | Reached skill level 10 in Dodging
 15705 | Lair:8   | Reached skill level 13 in Stealth
 16423 | Lair:5   | Killed Kirke
 16455 | Lair:5   | Killed Maud
 16917 | Lair:1   | Gained mutation: Your spells are a little harder to cast, but a little more powerful. [potion of mutation]
 16917 | Lair:1   | Gained mutation: You are robust (+10% HP). [potion of mutation]
 16917 | Lair:1   | Gained mutation: You are weak. (Str -2) [potion of mutation]
 16919 | Lair:1   | Lost mutation: You are weak. (Str -2) [potion of cure mutation]
 16919 | Lair:1   | Lost mutation: Your spells are a little harder to cast, but a little more powerful. [potion of cure mutation]
 17040 | Spider:1 | Entered Level 1 of the Spider Nest
 17056 | Spider:1 | HP: 5/129 [disintegration (24)]
 17056 | Spider:1 | Blown up by an orb spider

Skill      XL: |  1  2  3  4  5  6  7  8  9 10 11 12 13 14 |
---------------+-------------------------------------------+-----
Stealth        | 3 5 7 9 10 12 13 | 13.7
Fighting       | 3 4 5 6 7 8 9 10 11 | 11.5
Dodging        | 3 4 5 6 7 8 9 10 | 10.7
Unarmed Combat | 5 6 7 8 9 10 11 12 | 12.0
Armour         | 1 2 |  2.0
Invocations    | 3 4 6 7 9 10 11 | 11.2

Action                   |  1- 3 |  4- 6 |  7- 9 | 10-12 | 13-15 || total
-------------------------+-------+-------+-------+-------+-------++-------
Melee: Unarmed           |    96 |   184 |   347 |   466 |   469 ||  1562
       Bite              |    24 |    51 |   165 |   270 |   324 ||   834
       Punch             |     2 |     6 |    18 |    38 |    76 ||   140
Invok: Slouch            |       |       |       |       |     2 ||     2
Evoke: Wand              |       |       |       |     7 |     5 ||    12
  Use: Scroll            |       |     3 |     6 |    11 |    13 ||    33
       Potion            |       |       |       |     2 |     4 ||     6
 Stab: Sleeping          |     2 |     3 |     2 |    32 |    22 ||    61
       Distracted        |       |     1 |       |     6 |     4 ||    11
       Petrified         |       |       |       |       |     2 ||     2
  Eat: Chunk             |     1 |     5 |     8 |    13 |     8 ||    35
Armor: Ring mail         |    38 |    47 |    83 |   132 |       ||   300
       Leather armour    |       |       |       |    11 |   133 ||   144
       Robe              |       |       |       |       |    18 ||    18
Dodge: Dodged            |    58 |    84 |   228 |   521 |   588 ||  1479
